 Dungeon Crawl Stone Soup version 0.24-a0-258-gb86c0f735e (webtiles) character file.

Game seed: 2769236421684680621

45 Redear the Digger (level 3, 20/26 HPs)
             Began as a Demigod Earth Elementalist on Apr 19, 2019.
             Quit the game on level 2 of the Dungeon.
             The game lasted 00:01:40 (1268 turns).

Redear the Digger (Demigod Earth Elementalist)      Turns: 1268, Time: 00:01:40

Health: 20/26      AC:  2    Str: 11    XL:     3   Next: 25%
Magic:  7/9        EV: 12    Int: 19    God:
Gold:   10         SH:  0    Dex: 18    Spells: 6/7 levels left

rFire    . . .     SeeInvis .   (no weapon)
rCold    . . .     Gourm    .   (no shield)
rNeg     . . .     Faith    .   c - +0 robe
rPois    .         Spirit   .   (no helmet)
rElec    .         Reflect  .   (no cloak)
rCorr    .         Harm     .   (no gloves)
MR       .....                  (no boots)
Stlth    ++........             (no amulet)
HPRegen  0.08/turn              (no ring)
MPRegen  0.11/turn              (no ring)

@: no status effects
A: high mp 1
a: no special abilities


You were on level 2 of the Dungeon.
You were not hungry.

You visited 1 branch of the dungeon, and saw 2 of its levels.

You collected 10 gold pieces.

Inventory:

Armour
 c - a +0 robe (worn)
Scrolls
 d - a scroll of remove curse {unknown}
Potions
 a - a potion of haste {unknown}
Comestibles
 f - a chunk of flesh
 z - 3 rations


   Skills:
 - Level 1.7 Dodging
 - Level 1.7 Stealth
 + Level 2.6 Spellcasting
   Level 0.8 Transmutations
 + Level 3.4 Earth Magic


You had 6 spell levels left.
You knew the following spells:

 Your Spells              Type           Power        Failure   Level  Hunger
a - Sandblast             Erth           ###...       3%          1    None

Your spell library contained the following spells:

 Spells                   Type           Power        Failure   Level  Hunger
 Passwall                 Tmut/Erth      ##......     10%         2    ##.....
 Stone Arrow              Conj/Erth      #.....       24%         3    ###....
 Petrify                  Tmut/Erth      ##......     54%         4    ####...
 Lee's Rapid Deconstruct  Erth           ###.......   71%         5    ######.


Dungeon Overview and Level Annotations

Branches:
Dungeon (2/15)


Innate Abilities, Weirdness & Mutations

You have an increased reservoir of magic. (+10% MP)


Message History

Confirm with . or Enter, or press ? or * to list all spells.
Aiming: Sandblast (safe; 3% risk of failure)
Press: ? - help, Shift-Dir - straight line, f/p - adder
Aim: an adder (almost dead)
You don't have any stones to cast with.
Lua error: ...ter/crawl-git-b86c0f735e/data/dat/clua/automagic.lua:202: Cannot currently process new keys (there is pending input) Unknown command.
Casting: Sandblast (safe; 3% risk of failure)
Confirm with . or Enter, or press ? or * to list all spells.
Aiming: Sandblast (safe; 3% risk of failure)
Press: ? - help, Shift-Dir - straight line, f/p - adder
Aim: an adder (almost dead)
You don't have any stones to cast with.
Casting: Sandblast (safe; 3% risk of failure)
Confirm with . or Enter, or press ? or * to list all spells.
Aiming: Sandblast (safe; 3% risk of failure)
Press: ? - help, Shift-Dir - straight line, f/p - adder
Aim: an adder (almost dead)
You don't have any stones to cast with.
Are you sure you want to abandon this character and quit the game? (Confirm with "yes".)

....####.......#
#.....#.......#
#.......##....#
#.......##....#
####.!..##....#
...>......!.######
#......(.#........#
#........#........#
+..$.....#.@......#
#..#.....#.S......#
#.### #........#
.........#
g.........#
...........#
####$.......#
........##


You could see an adder and a goblin.

Vanquished Creatures
  A dart slug (D:1)
  A ball python (D:1)
  5 goblins (D:1)
  6 hobgoblins (D:1)
  9 jackals
  3 bats
  2 frilled lizards (D:1)
  6 kobolds
  5 rats (D:1)
38 creatures vanquished.

Notes
Turn   | Place    | Note
-------+----------+-------------------------------------------
     0 | D:1      | Redear the Demigod Earth Elementalist began the quest for
                  | the Orb.
     0 | D:1      | Reached XP level 1. HP: 14/14 MP: 5/5
    55 | D:1      | Reached skill level 2 in Spellcasting
    91 | D:1      | Reached skill level 3 in Earth Magic
   111 | D:1      | Reached XP level 2. HP: 14/20 MP: 1/7
   228 | D:1      | HP: 1/20 [hobgoblin/+0 club (4)]
  1112 | D:1      | Reached XP level 3. HP: 26/26 MP: 7/9
  1268 | D:2      | Quit the game

Levels and vault maps discovered:
D:1:      shiori_arrival_maze, layout_basic
D:2:      minmay_roachtagon, layout_basic, zin_treasury,
          nemelex_xobeh_ov_fountains_minmay, first_ration, minmay_domino_2

Skill      XL: |  1 |
---------------+----+-----
Spellcasting   | 2 |  2.6
Earth Magic    | 3 |  3.4
Dodging        | |  1.7
Stealth        | |  1.7
Transmutations | |  0.8

Action                   || total
-------------------------++-------
Melee: Unarmed           ||    11
 Cast: Sandblast         ||    52
  Eat: Chunk             ||     1
Armor: Robe              ||     2
Dodge: Dodged            ||    15

Table legend:
 A = Non-vault XP
 B = Vault XP
 C = Vault XP percentage of total XP
 D = Non-vault monster count
 E = Vault monster count
 F = Vault count percentage of total count
                 A         B        C        D         E       F
            +---------+---------+-------+---------+---------+-------
      Total |      62 |       3 |   4.6 |      36 |       2 |   5.3
            +---------+---------+-------+---------+---------+-------
        D:1 |      54 |       3 |   5.3 |      32 |       2 |   5.9
        D:2 |       8 |       0 |   0.0 |       4 |       0 |   0.0
            +---------+---------+-------+---------+---------+-------
